 Dungeon Crawl Stone Soup version 0.22.1-2-g9c5b331 (webtiles) character file.

25 manyhoops the Firebug (level 3, -2/28 HPs)
             Began as a Gnoll Wanderer on Dec 24, 2018.
             Slain by Natasha (5 damage)
             ... on level 2 of the Dungeon.
             The game lasted 00:02:11 (1074 turns).

manyhoops the Firebug (Gnoll Wanderer)              Turns: 1074, Time: 00:02:12

Health: -2/28      AC:  2    Str: 15    XL:     3   Next: 4%
Magic:  1/7        EV: 11    Int: 16    God:
Gold:   19         SH:  0    Dex: 12    Spells: 4/7 levels left

rFire    . . .     SeeInvis .   e - +0 club
rCold    . . .     Gourm    .   (no shield)
rNeg     . . .     Faith    .   d - +0 robe
rPois    .         Spirit   .   (no helmet)
rElec    .         Reflect  .   (no cloak)
rCorr    .         Harm     .   (no gloves)
MR       .....                  (no boots)
Stlth    ++........             (no amulet)
HPRegen  0.09/turn              (no ring)
MPRegen  0.10/turn              (no ring)

@: no status effects
A: distributed training, fangs 1, strong nose
a: no special abilities


You were on level 2 of the Dungeon.
You were very hungry.

You visited 1 branch of the dungeon, and saw 2 of its levels.

You collected 19 gold pieces.

Inventory:

Hand Weapons
 e - a +0 club (weapon)
Armour
 d - a +0 robe (worn)
Scrolls
 b - a scroll of magic mapping {unknown}
Comestibles
 f - 2 rations


   Skills:
 + Level 2.5 Fighting
 + Level 0.5 Short Blades
 + Level 0.5 Long Blades
 + Level 0.5 Axes
 + Level 2.5 Maces & Flails
 + Level 0.5 Polearms
 + Level 0.5 Staves
 + Level 0.5 Slings
 + Level 0.5 Bows
 + Level 0.5 Crossbows
 + Level 0.5 Throwing
 + Level 2.5 Armour
 + Level 0.5 Dodging
 + Level 2.3 Stealth
 + Level 2.5 Shields
 + Level 0.5 Unarmed Combat
 + Level 2.7 Spellcasting
 + Level 2.0 Conjurations
 + Level 0.4 Hexes
 + Level 0.4 Charms
 + Level 0.4 Summonings
 + Level 0.4 Necromancy
 + Level 0.4 Translocations
 + Level 0.4 Transmutations
 + Level 5.4 Fire Magic
 + Level 0.4 Ice Magic
 + Level 0.4 Air Magic
 + Level 0.4 Earth Magic
 + Level 0.4 Poison Magic
 + Level 0.7 Invocations
 + Level 0.5 Evocations


You had 4 spell levels left.
You knew the following spells:

 Your Spells              Type           Power        Failure   Level  Hunger
a - Freeze                Ice            #...         16%         1    #......
b - Throw Flame           Conj/Fire      ##....       6%          2    ##.....

Your spell library contained the following spells:

 Spells                   Type           Power        Failure   Level  Hunger
 Flame Tongue             Conj/Fire      ##...        4%          1    #......
 Conjure Flame            Conj/Fire      ##......     12%         3    ###....
 Inner Flame              Hex/Fire       ##......     17%         3    ###....
 Sticky Flame             Conj/Fire      ##......     38%         4    #####..
 Ozocubu's Armour         Chrm/Ice       #.......     43%         3    ###....
 Fireball                 Conj/Fire      ##........   75%         5    ######.


Dungeon Overview and Level Annotations

Branches:
Dungeon (2/15)

Altars:

Annotations:
D:2 Natasha


Innate Abilities, Weirdness & Mutations

Your experience applies equally to all skills.
You have very sharp teeth.
Your uncanny sense of smell can sniff out nearby items.


Message History

Natasha is severely wounded.
Natasha claws you!
You closely miss Natasha.
Natasha is severely wounded.
Natasha claws you.
* * * LOW HITPOINT WARNING * * *
Unknown command.
You hit Natasha but do no damage.
Natasha is severely wounded.
Natasha claws you.
* * * LOW HITPOINT WARNING * * *
The crimson imp blinks!
You aren't carrying any potions.
Unknown command.
You aren't carrying any potions.
Okay, then.
You closely miss Natasha.
Natasha is severely wounded.
Natasha claws you.
You die...

#.# #.# #.# #.# #.#
....... #%# .......
#.# ...$... #@#
....).. #h# ..h....
######5####.......
...[...............
#######............
............$...
#######+..?.....
#.......[ #........


You could see Natasha and a white imp.

Vanquished Creatures
  A giant cockroach (D:1)
  5 goblins (D:1)
  5 hobgoblins
  3 jackals (D:1)
  A ball python (D:2)
  A bat (D:1)
  A frilled lizard (D:1)
  3 kobolds (D:1)
  2 rats (D:1)
22 creatures vanquished.

Notes
Turn   | Place    | Note
-------+----------+-------------------------------------------
     0 | D:1      | manyhoops the Gnoll Wanderer began the quest for the Orb.
     0 | D:1      | manyhoops set off with: a potion of lignification, a +0
                  | robe, a +0 club, a ration
     0 | D:1      | Reached XP level 1. HP: 17/17 MP: 4/4
    15 | D:1      | Learned a level 1 spell: Freeze
    50 | D:1      | Reached XP level 2. HP: 23/23 MP: 1/5
   144 | D:1      | Learned a level 2 spell: Throw Flame
  1048 | D:2      | Noticed Natasha
  1056 | D:2      | Reached XP level 3. HP: 27/28 MP: 7/7
  1074 | D:2      | Slain by Natasha

Skill      XL: |  1 |
---------------+----+-----
Conjurations   | 2 |  2.0
Fighting       | |  2.5
Short Blades   | |  0.5
Long Blades    | |  0.5
Axes           | |  0.5
Maces & Flails | |  2.5
Polearms       | |  0.5
Staves         | |  0.5
Slings         | |  0.5
Bows           | |  0.5
Crossbows      | |  0.5
Throwing       | |  0.5
Armour         | |  2.5
Dodging        | |  0.5
Stealth        | |  2.3
Shields        | |  2.5
Unarmed Combat | |  0.5
Spellcasting   | |  2.7
Hexes          | |  0.4
Charms         | |  0.4
Summonings     | |  0.4
Necromancy     | |  0.4
Translocations | |  0.4
Transmutations | |  0.4
Fire Magic     | |  5.4
Ice Magic      | |  0.4
Air Magic      | |  0.4
Earth Magic    | |  0.4
Poison Magic   | |  0.4
Invocations    | |  0.7
Evocations     | |  0.5

Action                   || total
-------------------------++-------
Melee: Club              ||    84
       Bite              ||     3
       Punch             ||     1
 Cast: Freeze            ||     8
       Throw Flame       ||     8
  Use: Potion            ||     1
 Stab: Sleeping          ||     1
Armor: Skin              ||    36
       Robe              ||     9
Dodge: Dodged            ||    40
